 Dungeon Crawl Stone Soup version 0.21-a0-552-g593960d (webtiles) character file.

1106 tidbits the Caller (level 8, -1/58 HPs)
             Began as a Gnoll Summoner on Dec 17, 2017.
             Was a Follower of Cheibriados.
             Slain by a killer bee (6 damage)
             ... on level 9 of the Dungeon.
             The game lasted 00:30:55 (2809 turns).

tidbits the Caller (Gnoll Summoner)                 Turns: 2809, Time: 00:30:55

Health: -1/58      AC:  3    Str: 15    XL:     8   Next: 33%
Magic:  10/16      EV: 16    Int: 25    God:    Cheibriados [*.....]
Gold:   265        SH:  0    Dex: 18    Spells: 8/18 levels left

rFire    . . .     SeeInvis .     - Unarmed
rCold    . . .     Gourm    .   (no shield)
rNeg     . . .     Faith    .   h - +0 robe
rPois    .         Spirit   .   J - +0 helmet
rElec    .         Reflect  .   (no cloak)
rCorr    .         Harm     +   (no gloves)
MR       .....                  (no boots)
Stlth    ++++......             P - amulet of harm
HPRegen  0.19/turn              Q - ring of stealth
MPRegen  0.15/turn              k - +3 ring of intelligence

@: lethally poisoned (-1 -> -16), very slow
A: distributed training, fangs 1, strong nose
a: Bend Time, Renounce Religion


You were on level 9 of the Dungeon.
You worshipped Cheibriados.
Cheibriados was aware of your devotion.
You were hungry.

You visited 2 branches of the dungeon, and saw 10 of its levels.
You also visited: Ossuary.

You collected 265 gold pieces.

Inventory:

Hand Weapons
 a - a +1 rapier
 b - a +0 hunting sling
 f - a +0 whip
 I - a +0 spear
 L - a +0 short sword
 T - a cursed -3 halberd
 U - a +0 dire flail
Missiles
 m - 35 stones (quivered)
 r - 43 arrows
 H - 81 bolts
Armour
 g - a +0 ring mail
 h - a +0 robe (worn)
 i - a cursed +0 scale mail
 s - a +0 shield
 J - a +0 helmet (worn)
 W - a -2 leather armour
Jewellery
 k - a +3 ring of intelligence (right hand)
   (You found it on level 2 of the Dungeon)
 l - an uncursed ring of teleportation
   (You found it on level 2 of the Dungeon)
 n - an uncursed ring of positive energy
   (You found it on level 2 of the Dungeon)
 F - an uncursed ring of ice
   (You found it on level 3 of the Dungeon)
 K - an uncursed ring of resist corrosion
   (You found it on level 8 of the Dungeon)
 P - an amulet of harm (around neck)
   (You found it on level 6 of the Dungeon)
 Q - a ring of stealth (left hand)
   (You found it on level 6 of the Dungeon)
Wands
 C - a wand of paralysis (18)
 O - a wand of acid (8)
Scrolls
 c - 2 scrolls of fog {unknown}
 o - a scroll of blinking
 p - a scroll of immolation {unknown}
 q - 2 scrolls of teleportation
 x - a scroll of random uselessness {unknown}
 y - a scroll of amnesia {unknown}
 z - a scroll of enchant weapon
 M - a scroll of remove curse
 R - a scroll of brand weapon {unknown}
 S - a scroll of enchant armour {unknown}
Potions
 d - 2 potions of lignification
 e - 2 potions of cancellation
 t - 2 potions of magic {unknown}
 u - a potion of heal wounds {unknown}
 v - 3 potions of brilliance {unknown}
 w - 3 potions of mutation {unknown}
 A - 2 potions of resistance {unknown}
 E - 2 potions of flight {unknown}
 G - 2 potions of curing
 N - 2 potions of might {unknown}
 V - a potion of berserk rage {unknown}
 X - 2 potions of degeneration {unknown}
Books
 j - a book of Callings

   Spells                             Type                      Level
   a - Summon Small Mammal            Summoning                    1
   b - Call Imp                       Summoning                    2
   c - Call Canine Familiar           Summoning                    3
   d - Summon Guardian Golem          Hexes/Summoning              3
   e - Summon Lightning Spire         Summoning/Air                4
   f - Summon Ice Beast               Ice/Summoning                4
Comestibles
 B - 5 meat rations
 D - 2 bread rations


   Skills:
 + Level 3.1 Fighting
 + Level 3.1 Short Blades
 + Level 3.1 Long Blades
 + Level 3.1 Axes
 + Level 3.1 Maces & Flails
 + Level 3.1 Polearms
 + Level 3.1 Staves
 + Level 3.1 Slings
 + Level 3.1 Bows
 + Level 3.1 Crossbows
 + Level 3.1 Throwing
 + Level 3.1 Armour
 + Level 5.6 Dodging
 + Level 5.2 Stealth
 + Level 3.1 Shields
 + Level 3.1 Unarmed Combat
 + Level 5.9 Spellcasting
 + Level 2.5 Conjurations
 + Level 2.5 Hexes
 + Level 2.5 Charms
 + Level 7.6 Summonings
 + Level 2.5 Necromancy
 + Level 2.5 Translocations
 + Level 2.5 Transmutations
 + Level 2.5 Fire Magic
 + Level 2.5 Ice Magic
 + Level 2.5 Air Magic
 + Level 2.5 Earth Magic
 + Level 2.5 Poison Magic
 + Level 3.4 Invocations
 + Level 3.1 Evocations


You had 8 spell levels left.
You knew the following spells:

 Your Spells              Type           Power        Failure   Level  Hunger
a - Summon Small Mammal   Summ           ####         1%          1    None
g - Summon Guardian Gole  Hex/Summ       ####....     2%          3    #......
i - Call Imp              Summ           #####...     1%          2    None
L - Summon Lightning Spi  Summ/Air       ####....     9%          4    ###....


Dungeon Overview and Level Annotations

Branches:
Dungeon (9/15)             Temple (1/1) D:5
   Lair: D:8-11         Orc: D:9-12

Altars:
Ashenzari
Cheibriados
Dithmenos
Fedhas
Gozag
Hepliaklqana
Kikubaaqudgha
Makhleb
Nemelex Xobeh
Okawaru
Qazlal
Ru
Sif Muna
Trog
Uskayaw
Vehumet
Wu Jian
Xom
Yredelemnul
The Shining One


Innate Abilities, Weirdness & Mutations

Your experience applies equally to all skills.
You have very sharp teeth.
Your uncanny sense of smell can sniff out nearby items.


Message History

You puncture the ogre!
The ogre is severely wounded.
Your lightning spire shoots out a bolt of lightning at the ogre!
The bolt of electricity hits the ogre.
The ogre dies!
Cheibriados appreciates the change of pace.
Cheibriados raises the support of your attributes as your movement slows.
You hear a distant blaring wail to the west.
Found a stone staircase leading up.
Found a smoky ruby potion.
Found a hide-covered altar of Uskayaw.
You see here 16 gold pieces.
You now have 265 gold pieces (gained 16).
Your lightning spire shoots out a bolt of lightning at the quasit!
The bolt of electricity hits the quasit.
A killer bee and a quasit come into view.
An ogre comes into view. It is wielding a giant club.
Your lightning spire shoots out a bolt of lightning at the quasit!
The bolt of electricity hits the quasit.
The quasit dies!
Cheibriados appreciates the change of pace.
A killer bee comes into view.
Your lightning spire disappears in a puff of smoke!
The killer bee closely misses you. 2 killer bees and a zombie come into view.
Unknown command.
Unknown command.
Okay, then.
Unknown command.
You turn into a tree.
Your +0 helmet melds into your body.
Your +0 robe melds into your body.
Your roots penetrate the ground.
The killer bee stings you but does no damage.
The killer bee stings you.
Casting: Summon Lightning Spire
Confirm with . or Enter, or press ? or * to list all spells.
Aiming: Summon Lightning Spire
Press: ? - help, Dir - move target cursor An electric hum fills the air.
The killer bee buzzes angrily. x3
The killer bee stings you but does no damage. x2
Wield which item (- for none, * to show all)? (? for menu, Esc to quit)
Okay, then.
It was a potion of cancellation.
Your magical effects are unravelling.
You feel magically purged.
You feel less wooden.
Your +0 helmet unmelds from your body.
Your +0 robe unmelds from your body.
The killer bee barely misses you. The ogre closely misses you.
The killer bee misses you. The killer bee completely misses you.
The killer bee misses you.
Your lightning spire shoots out a bolt of lightning at the killer bee!
The bolt of electricity hits the killer bee.
The bolt of electricity hits the ogre.
Wield which item (- for none, * to show all)? (? for menu, Esc to quit)
You are now empty-handed.
The killer bee stings you but does no damage.
The killer bee closely misses you.
You closely miss the ogre. You bite the ogre.
The ogre is heavily wounded.
The killer bee completely misses you. The killer bee stings you.
The killer bee stings you but does no damage.
The killer bee closely misses you. The killer bee stings you.
The ogre misses you. The killer bee closely misses you.
The killer bee stings you but does no damage.
The killer bee closely misses you.
Your lightning spire shoots out a bolt of lightning at the killer bee!
The bolt of electricity hits the killer bee.
The killer bee dies!
Cheibriados thoroughly appreciates the change of pace.
The bolt of electricity hits the ogre.
The ogre dies!
Cheibriados appreciates the change of pace.
A bullfrog comes into view.
You hit the killer bee.
The killer bee is lightly wounded.
The killer bee closely misses you. The killer bee stings you.
* * * LOW HITPOINT WARNING * * *
You are poisoned.
The killer bee poisons you! The killer bee closely misses you.
The killer bee misses you. The killer bee closely misses you.
The killer bee stings you.
* * * LOW HITPOINT WARNING * * *
You are more poisoned.
The killer bee poisons you!
A howler monkey comes into view.
You hit the killer bee.
The killer bee is moderately wounded.
You feel sick. The killer bee barely misses you. x2
The killer bee stings you.
* * * LOW HITPOINT WARNING * * *
The killer bee closely misses you. x2; The killer bee stings you!
* * * LOW HITPOINT WARNING * * *
You are more poisoned.
The killer bee poisons you!
You barely miss the killer bee.
You bite the killer bee, but do no damage.
The killer bee is moderately wounded.
* * * LOW HITPOINT WARNING * * *
You feel sick. The killer bee closely misses you. The killer bee misses you.
The killer bee stings you.
You die...

.# . <.###
_.###########......
.....F..yy..........
........y@).........
........Z...........
...h....8...........
....................
....................
!...........).......
....................
....................
...........<.......#


You could see a bullfrog, a howler monkey, 3 killer bees, a worker ant zombie
and a friendly lightning spire.

Vanquished Creatures
  An orc warrior (D:6)
  An ogre (D:4)
  A bullfrog (D:7)
  A wyvern zombie (D:7)
  A water moccasin skeleton (D:8)
  2 hounds
  An orc priest (D:4)
  3 iguanas
  A worker ant (D:6)
  A big kobold zombie (Ossuary)
  An adder (D:3)
  2 oozes
  An adder zombie (D:6)
  A leopard gecko (D:5)
  6 orcs
  A giant cockroach (D:5)
  A goblin (D:3)
  4 jackals
  A ball python (D:6)
  A bat (D:3)
  2 frilled lizards
  A hobgoblin zombie (Ossuary)
  3 kobolds
  2 kobold zombies (Ossuary)
  An orc zombie (Ossuary)
  A rat (D:3)
  A rat zombie (Ossuary)
43 creatures vanquished.

Vanquished Creatures (collateral kills)
  2 orc warriors (D:7)
  A black bear (D:7)
  2 ogres (D:9)
  A killer bee (D:9)
  A howler monkey (D:5)
  A crimson imp (D:5)
  3 centaur zombies (Ossuary)
  A human zombie (Ossuary)
  A quasit (D:9)
  A bullfrog skeleton (D:7)
  2 orc priests
  3 hounds
  3 orc wizards (D:5)
  2 iguanas
  A killer bee zombie (D:7)
  A hound zombie (D:7)
  2 mummies (Ossuary)
  4 adders
  An adder zombie (Ossuary)
  A worm (D:2)
  16 orcs
  2 bats (D:3)
  A hobgoblin (D:2)
  4 jackals
  A kobold (D:1)
  A goblin zombie (Ossuary)
  5 hobgoblin zombies (Ossuary)
  2 jackal zombies (Ossuary)
  6 kobold zombies (Ossuary)
  10 orc zombies (Ossuary)
  A rat (D:2)
  A rat zombie (Ossuary)
84 creatures vanquished.

Grand Total: 127 creatures vanquished

Notes
Turn   | Place    | Note
-------+----------+-------------------------------------------
     0 | D:1      | tidbits the Gnoll Summoner began the quest for the Orb.
     0 | D:1      | Reached XP level 1. HP: 13/13 MP: 6/6
   232 | D:2      | HP: 1/13 [hobgoblin (3)]
   322 | D:2      | Reached XP level 2. HP: 7/19 MP: 3/7
   327 | D:2      | Learned a level 2 spell: Call Imp
   468 | D:5      | Entered Level 5 of the Dungeon
   469 | D:5      | Noticed a howler monkey
   482 | D:4      | Noticed an ogre
   509 | D:4      | Killed an ogre
   509 | D:4      | Reached skill level 1 in Fighting
   509 | D:4      | Reached skill level 1 in Short Blades
   509 | D:4      | Reached skill level 1 in Long Blades
   509 | D:4      | Reached skill level 1 in Axes
   509 | D:4      | Reached skill level 1 in Maces & Flails
   509 | D:4      | Reached skill level 1 in Polearms
   509 | D:4      | Reached skill level 1 in Staves
   509 | D:4      | Reached skill level 1 in Slings
   509 | D:4      | Reached skill level 1 in Bows
   509 | D:4      | Reached skill level 1 in Crossbows
   509 | D:4      | Reached skill level 1 in Throwing
   509 | D:4      | Reached skill level 1 in Armour
   509 | D:4      | Reached skill level 1 in Shields
   509 | D:4      | Reached skill level 1 in Unarmed Combat
   509 | D:4      | Reached skill level 5 in Spellcasting
   509 | D:4      | Reached skill level 1 in Invocations
   509 | D:4      | Reached skill level 1 in Evocations
   509 | D:4      | Reached XP level 3. HP: 20/26 MP: 2/9
   509 | D:4      | Reached XP level 4. HP: 25/32 MP: 2/11
   514 | D:4      | Reached skill level 1 in Conjurations
   514 | D:4      | Reached skill level 1 in Hexes
   514 | D:4      | Reached skill level 1 in Charms
   514 | D:4      | Reached skill level 1 in Necromancy
   514 | D:4      | Reached skill level 1 in Translocations
   514 | D:4      | Reached skill level 1 in Transmutations
   514 | D:4      | Reached skill level 1 in Fire Magic
   514 | D:4      | Reached skill level 1 in Ice Magic
   514 | D:4      | Reached skill level 1 in Air Magic
   514 | D:4      | Reached skill level 1 in Earth Magic
   514 | D:4      | Reached skill level 1 in Poison Magic
   552 | D:4      | Found a burning altar of Makhleb.
   580 | D:4      | Found a shattered altar of Ashenzari.
   654 | D:4      | Reached XP level 5. HP: 26/37 MP: 5/12
   705 | D:4      | Found a sand-covered staircase.
   714 | D:4      | Learned a level 4 spell: Summon Lightning Spire
   718 | D:4      | Learned a level 3 spell: Summon Guardian Golem
   719 | Ossuary  | Entered an ossuary
   825 | Ossuary  | Reached XP level 6. HP: 11/44 MP: 1/13
   830 | Ossuary  | Reached skill level 2 in Invocations
   939 | D:5      | Found a blossoming altar of Fedhas.
  1019 | D:5      | Found a staircase to the Ecumenical Temple.
  1037 | Temple   | Entered the Ecumenical Temple
  1193 | D:6      | Noticed an orc warrior
  1289 | D:5      | Reached skill level 5 in Dodging
  1300 | D:5      | Reached skill level 2 in Fighting
  1300 | D:5      | Reached skill level 2 in Short Blades
  1300 | D:5      | Reached skill level 2 in Long Blades
  1300 | D:5      | Reached skill level 2 in Axes
  1300 | D:5      | Reached skill level 2 in Maces & Flails
  1300 | D:5      | Reached skill level 2 in Polearms
  1300 | D:5      | Reached skill level 2 in Staves
  1300 | D:5      | Reached skill level 2 in Slings
  1300 | D:5      | Reached skill level 2 in Bows
  1300 | D:5      | Reached skill level 2 in Crossbows
  1300 | D:5      | Reached skill level 2 in Throwing
  1300 | D:5      | Reached skill level 2 in Armour
  1300 | D:5      | Reached skill level 2 in Shields
  1300 | D:5      | Reached skill level 2 in Unarmed Combat
  1300 | D:5      | Reached skill level 2 in Evocations
  1455 | D:3      | Found a burning altar of Makhleb.
  1458 | D:3      | Found a snail-covered altar of Cheibriados.
  1584 | D:3      | Found a hazy altar of Hepliaklqana.
  1835 | D:3      | You fall through a shaft for 2 floors!
  1892 | D:6      | Found an ornate altar of the Wu Jian Council.
  2135 | D:4      | Reached XP level 7. HP: 50/50 MP: 15/15
  2194 | D:3      | Became a worshipper of Cheibriados the Contemplative
  2435 | D:7      | Reached skill level 2 in Conjurations
  2435 | D:7      | Reached skill level 2 in Hexes
  2435 | D:7      | Reached skill level 2 in Charms
  2435 | D:7      | Reached skill level 2 in Necromancy
  2435 | D:7      | Reached skill level 2 in Translocations
  2435 | D:7      | Reached skill level 2 in Transmutations
  2435 | D:7      | Reached skill level 2 in Fire Magic
  2435 | D:7      | Reached skill level 2 in Ice Magic
  2435 | D:7      | Reached skill level 2 in Air Magic
  2435 | D:7      | Reached skill level 2 in Earth Magic
  2435 | D:7      | Reached skill level 2 in Poison Magic
  2437 | D:7      | Found a basalt altar of Yredelemnul.
  2439 | D:7      | Found a shimmering altar of Xom.
  2439 | D:7      | Found a shimmering altar of Xom.
  2449 | D:7      | Found a bloodstained altar of Trog.
  2449 | D:7      | Found an iron altar of Okawaru.
  2449 | D:7      | Found a bloodstained altar of Trog.
  2488 | D:7      | Reached skill level 5 in Stealth
  2505 | D:7      | Reached skill level 3 in Invocations
  2519 | D:7      | Reached * piety under Cheibriados
  2534 | D:7      | Reached XP level 8. HP: 43/57 MP: 5/16
  2543 | D:8      | Found a hide-covered altar of Uskayaw.
  2780 | D:8      | Reached skill level 3 in Fighting
  2780 | D:8      | Reached skill level 3 in Short Blades
  2780 | D:8      | Reached skill level 3 in Long Blades
  2780 | D:8      | Reached skill level 3 in Axes
  2780 | D:8      | Reached skill level 3 in Maces & Flails
  2780 | D:8      | Reached skill level 3 in Polearms
  2780 | D:8      | Reached skill level 3 in Staves
  2780 | D:8      | Reached skill level 3 in Slings
  2780 | D:8      | Reached skill level 3 in Bows
  2780 | D:8      | Reached skill level 3 in Crossbows
  2780 | D:8      | Reached skill level 3 in Throwing
  2780 | D:8      | Reached skill level 3 in Armour
  2780 | D:8      | Reached skill level 3 in Shields
  2780 | D:8      | Reached skill level 3 in Unarmed Combat
  2780 | D:8      | Reached skill level 3 in Evocations
  2796 | D:9      | Found a hide-covered altar of Uskayaw.
  2809 | D:9      | HP: 5/58 [poisoned by a killer bee]
  2809 | D:9      | Slain by a killer bee

Vault maps used:
D:1:      dpeg_arrival_court
D:3:      nicolae_overflow_hidden_temple, first_bread, st_stairs_4,
          dk_noncrumbling_3, chequers_big_river
D:4:      nicolae_overflow_crystal_walls, enter_ossuary_5,
          makhleb_heckhound_becter
D:5:      zin_angel, fedhas_altar_3, minmay_temple_entry_crystal_x
D:6:      kennysheep_mini, kennysheep_mini_moat
D:7:      doesnt_xom_only_xom
D:8:      lemuel_tele_altar
D:9:      dancing_weapons_uskayaw, minmay_orc_entry_temple_small, serial_shops,
          shop, uniq_grum
Temple:   nicolae_temple_figure_eight
Ossuary:  ossuary_tomb_1

Skill      XL: |  1  2  3  4  5  6  7  8 |
---------------+-------------------------+-----
Fighting       | 1 2 3 |  3.1
Short Blades   | 1 2 3 |  3.1
Long Blades    | 1 2 3 |  3.1
Axes           | 1 2 3 |  3.1
Maces & Flails | 1 2 3 |  3.1
Polearms       | 1 2 3 |  3.1
Staves         | 1 2 3 |  3.1
Slings         | 1 2 3 |  3.1
Bows           | 1 2 3 |  3.1
Crossbows      | 1 2 3 |  3.1
Throwing       | 1 2 3 |  3.1
Armour         | 1 2 3 |  3.1
Shields        | 1 2 3 |  3.1
Unarmed Combat | 1 2 3 |  3.1
Spellcasting   | 5 |  5.9
Invocations    | 1 2 3 |  3.4
Evocations     | 1 2 3 |  3.1
Conjurations   | 1 2 |  2.5
Hexes          | 1 2 |  2.5
Charms         | 1 2 |  2.5
Necromancy     | 1 2 |  2.5
Translocations | 1 2 |  2.5
Transmutations | 1 2 |  2.5
Fire Magic     | 1 2 |  2.5
Ice Magic      | 1 2 |  2.5
Air Magic      | 1 2 |  2.5
Earth Magic    | 1 2 |  2.5
Poison Magic   | 1 2 |  2.5
Dodging        | 5 |  5.6
Stealth        | 5 |  5.2
Summonings     | |  7.6

Action                   |  1- 3 |  4- 6 |  7- 9 || total
-------------------------+-------+-------+-------++-------
Melee: Short sword       |    15 |    45 |       ||    60
       Bite              |     4 |     6 |    10 ||    20
       Unarmed           |     4 |       |     4 ||     8
       Rapier            |       |     6 |    63 ||    69
 Fire: Hunting sling     |    18 |    53 |       ||    71
Throw: Stone             |     1 |     3 |       ||     4
 Cast: Summon Small Mamm |    17 |     1 |       ||    18
       Call Imp          |     4 |     3 |       ||     7
       Summon Lightning  |       |    19 |    14 ||    33
       Summon Guardian G |       |       |     3 ||     3
Evoke: Wand              |       |     1 |       ||     1
  Use: Scroll            |     3 |     5 |     1 ||     9
       Potion            |     2 |     2 |     2 ||     6
 Stab: Sleeping          |       |     2 |     1 ||     3
       Distracted        |       |     1 |     4 ||     5
  Eat: Chunk             |       |     1 |     2 ||     3
       Bread ration      |       |     1 |       ||     1
       Royal jelly       |       |       |     1 ||     1
Armor: Robe              |     4 |    23 |    13 ||    40
       Skin              |       |       |     3 ||     3
Dodge: Dodged            |    21 |   109 |    83 ||   213

Table legend:
 A = Spawn XP
 B = Non-spawn XP
 C = Spawn XP percentage of total XP
 D = Spawn monster count
 E = Non-spawn monster count
 F = Spawn count percentage of total count
 G = Total turns spent on level
                    A         B        C        D         E        F      G
               +---------+---------+-------+---------+---------+-------+---------
         Total |       0 |    1581 |   0.0 |       0 |     127 |   0.0 |  2809
               +---------+---------+-------+---------+---------+-------+---------
           D:1 |       0 |       3 |   0.0 |       0 |       3 |   0.0 |   185
           D:2 |       0 |       8 |   0.0 |       0 |       5 |   0.0 |   235
           D:3 |       0 |      45 |   0.0 |       0 |      13 |   0.0 |   534
           D:4 |       0 |     257 |   0.0 |       0 |      17 |   0.0 |   576
           D:5 |       0 |     171 |   0.0 |       0 |      15 |   0.0 |   300
           D:6 |       0 |     167 |   0.0 |       0 |       9 |   0.0 |   243
           D:7 |       0 |     411 |   0.0 |       0 |      15 |   0.0 |   172
           D:8 |       0 |     157 |   0.0 |       0 |       8 |   0.0 |   247
           D:9 |       0 |     197 |   0.0 |       0 |       4 |   0.0 |    26
       Ossuary |       0 |     165 |   0.0 |       0 |      38 |   0.0 |   200
               +---------+---------+-------+---------+---------+-------+---------

Table legend:
 A = Turns spent in this place as a percentage of turns spent in the entire game.
 B = Non-inter-level travel turns spent in this place as a percentage of non-inter-level travel turns spent in the entire game.
 C = Inter-level travel turns spent in this place as a percentage of turns spent in this place.
 D = Turns resting spent in this place as a percentage of non-inter-level travel turns spent in this place.
 E = Turns spent auto-exploring this place as a percentage of non-inter-level travel turns spent in this place.
 F = Non-inter-level travel turns spent in this place divided by the number of levels of this place that you've seen.
                   A       B       C       D       E      F
               +-------+-------+-------+-------+-------+----------------------
         Total | 100.0 | 100.0 |   1.0 |   0.1 |   0.0 | 252.9
       Dungeon |  89.6 |  89.9 |   0.7 |   0.1 |   0.0 | 277.8
        Temple |   3.2 |   2.9 |   9.9 |   0.0 |   0.0 |  82.0
       Ossuary |   7.1 |   7.2 |   0.0 |   0.0 |   0.0 | 200.0
               +-------+-------+-------+-------+-------+----------------------

Table legend:
 A = Kills in this place as a percentage of kills in entire the game.
 B = Kills by you in this place as a percentage of kills by you in the entire game.
 C = Kills by friends in this place as a percentage of kills by friends in the entire game.
 D = Other kills in this place as a percentage of other kills in the entire game.
 E = Experience gained in this place as a percentage of experience gained in the entire game.
 F = Experience gained in this place divided by the number of levels of this place that you have seen.
                   A       B       C       D       E      F
               +-------+-------+-------+-------+-------+----------------------
         Total | 100.0 | 100.0 | 100.0 |   N/A | 100.0 | 143.7
       Dungeon |  70.1 |  86.0 |  61.9 |   N/A |  89.6 | 157.3
       Ossuary |  29.9 |  14.0 |  38.1 |   N/A |  10.4 | 165.0
               +-------+-------+-------+-------+-------+----------------------

Vault maps used:
D:1:      dpeg_arrival_court
D:3:      nicolae_overflow_hidden_temple, first_bread, st_stairs_4,
          dk_noncrumbling_3, chequers_big_river
D:4:      nicolae_overflow_crystal_walls, enter_ossuary_5,
          makhleb_heckhound_becter
D:5:      zin_angel, fedhas_altar_3, minmay_temple_entry_crystal_x
D:6:      kennysheep_mini, kennysheep_mini_moat
D:7:      doesnt_xom_only_xom
D:8:      lemuel_tele_altar
D:9:      dancing_weapons_uskayaw, minmay_orc_entry_temple_small, serial_shops,
          shop, uniq_grum
Temple:   nicolae_temple_figure_eight
Ossuary:  ossuary_tomb_1
